 Dungeon Crawl Stone Soup version 0.23-a0-416-g33f1def (webtiles) character file.

63 Jawreze the Conjurer (level 3, -1/28 HPs)
             Began as a Draconian Conjurer on Nov 9, 2018.
             Killed from afar by an orc wizard (4 damage)
             ... with a magic dart
             ... on level 2 of the Dungeon.
             The game lasted 00:05:54 (3343 turns).

Jawreze the Conjurer (Draconian Conjurer)           Turns: 3343, Time: 00:05:55

Health: -1/28      AC:  5    Str: 10    XL:     3   Next: 87%
Magic:  0/6        EV: 12    Int: 16    God:
Gold:   159        SH:  0    Dex: 11    Spells: 1/7 levels left

rFire    . . .     SeeInvis .   a - +0 short sword
rCold    . . .     Gourm    .   (no shield)
rNeg     . . .     Faith    .   (armour unavailable)
rPois    .         Spirit   .   (helmet restricted)
rElec    .         Reflect  .   (no cloak)
rCorr    .         Harm     .   (no gloves)
MR       .....                  (no boots)
Stlth    ++........             (no amulet)
HPRegen  0.09/turn              (no ring)
MPRegen  0.10/turn              (no ring)

@: very slightly contaminated
A: unfitting armour, cold-blooded, AC +5
a: no special abilities


You were on level 2 of the Dungeon.
You were very hungry.

You visited 1 branch of the dungeon, and saw 3 of its levels.

You collected 159 gold pieces.

Inventory:

Hand Weapons
 a - a +0 short sword (weapon)
Jewellery
 r - a cursed ring of teleportation {unknown}
Scrolls
 e - 7 scrolls of identify {unknown}
 f - a scroll of immolation {unknown}
 g - 2 scrolls of amnesia {unknown}
 k - a scroll of fear {unknown}
 n - 2 scrolls of remove curse {unknown}
 p - a scroll of enchant armour {unknown}
 q - a scroll of enchant weapon {unknown}
Potions
 d - a potion of brilliance {unknown}
 h - a potion of flight {unknown}
 i - 2 potions of resistance {unknown}
 j - 2 potions of curing {unknown}
 l - 2 potions of agility {unknown}
 m - a potion of lignification {unknown}
 o - a potion of heal wounds {unknown}
Comestibles
 b - 5 rations


   Skills:
 + Level 1.1 Fighting
 + Level 2.3 Dodging
 - Level 2.0 Stealth
 + Level 2.5 Spellcasting
 * Level 4.6 Conjurations


You had one spell level left.
You knew the following spells:

 Your Spells              Type           Power        Failure   Level  Hunger
a - Magic Dart            Conj           ###.         3%          1    #......
b - Searing Ray           Conj           ###...       4%          2    ##.....
c - Dazzling Spray        Conj/Hex       #.....       22%         3    ###....

Your spell library contained the following spells:

 Spells                   Type           Power        Failure   Level  Hunger
 Iskenderun's Mystic Bla  Conj           ###.....     28%         4    #####..
 Force Lance              Conj/Tloc      #.......     58%         4    #####..
 Fulminant Prism          Conj/Hex       #.........   58%         4    #####..


Dungeon Overview and Level Annotations

Branches:
Dungeon (3/15)

Altars:
Elyvilon
Fedhas
Hepliaklqana
Nemelex Xobeh
Qazlal
Uskayaw
Wu Jian
Xom
Yredelemnul
The Shining One


Innate Abilities, Weirdness & Mutations

Your plain brown scales are hard. (AC +5)
You cannot fit into any form of body armour.
You are cold-blooded and may be slowed by cold attacks.


Message History

You hit the orc wizard.
The orc wizard is almost dead.
The orc wizard mumbles some strange words.
The orc wizard blinks!
The orc wizard gestures wildly while chanting.
The orc wizard blinks!
You hit the orc wizard but do no damage.
The orc wizard is almost dead.
The orc wizard hits you with a +0 dagger.
* * * LOW HITPOINT WARNING * * *
You miss the orc wizard.
The orc wizard is almost dead.
The orc wizard hits you but does no damage.
The orc wizard barely misses you.
You barely miss the orc wizard.
Your tail-slap misses the orc wizard.
The orc wizard is almost dead.
The orc wizard closely misses you. The orc wizard casts a spell at you.
The magic dart hits you!
You die...

...###..###.........#.......#
...#_...._#.#.###...........#
...##8..8##...# #...#.......#
.............<# #...#.......#
..........).<.# #...#.......#
..............# #...####.####
..............# #.#........##
..............###o#.........##
..............##@............#
...............#.#...........#
......#........>.............#
#....#..........##..........##
##.....##.#........#ยง..#...##
............#...####..######
....##...#..#...###..##
.#####...#.##.#.#...##
.#####.#...#....#.###


You could see an orc wizard.

Vanquished Creatures
  A gnoll (D:2)
  An adder (D:1)
  A dart slug (D:1)
  4 leopard geckos
  An orc (D:3)
  A giant cockroach (D:1)
  3 goblins
  2 hobgoblins (D:1)
  5 kobolds (D:1)
  3 quokkas
  A ball python (D:3)
  5 bats
  2 frilled lizards
  6 rats
36 creatures vanquished.

Notes
Turn   | Place    | Note
-------+----------+-------------------------------------------
     0 | D:1      | Jawreze the Draconian Conjurer began the quest for the Orb.
     0 | D:1      | Reached XP level 1. HP: 14/14 MP: 3/3
   449 | D:1      | Reached XP level 2. HP: 20/20 MP: 0/5
   901 | D:1      | Learned a level 2 spell: Searing Ray
  1325 | D:1      | Reached XP level 3. HP: 14/27 MP: 0/6
  1526 | D:2      | Found a stormy altar of Qazlal.
  2223 | D:2      | Reached skill level 1 in Fighting
  2272 | D:2      | Found a sparkling altar of Nemelex Xobeh.
  2550 | D:2      | Found a shimmering altar of Xom.
  2550 | D:2      | Found an ornate altar of the Wu Jian Council.
  2556 | D:2      | Found a basalt altar of Yredelemnul.
  2556 | D:2      | Found a glowing golden altar of the Shining One.
  2556 | D:2      | Found a hazy altar of Hepliaklqana.
  2557 | D:2      | Found a white marble altar of Elyvilon.
  2558 | D:2      | Found a hide-covered altar of Uskayaw.
  2561 | D:2      | Found a blossoming altar of Fedhas.
  2888 | D:3      | Learned a level 3 spell: Dazzling Spray
  3343 | D:2      | Killed from afar by an orc wizard

Vault maps used:
D:1:      giann_wishing_wells, serial_curves, eino_curves_01, eino_curves_04,
          nrook_campfire
D:2:      nemelex_xobeh_ov_fountains_minmay, minitemple, nrook_mini_backslash

Skill      XL: |  1  2  3 |
---------------+----------+-----
Stealth        | 2 |  2.0
Dodging        | 2 |  2.3
Fighting       | 1 |  1.1
Spellcasting   | |  2.5
Conjurations   | |  4.6

Action                   || total
-------------------------++-------
Melee: Short sword       ||    33
       Unarmed           ||     2
 Cast: Magic Dart        ||    81
  Eat: Chunk             ||     4
       Ration            ||     1
Armor: Skin              ||    11
Dodge: Dodged            ||    35

Table legend:
 A = Non-vault XP
 B = Vault XP
 C = Vault XP percentage of total XP
 D = Non-vault monster count
 E = Vault monster count
 F = Vault count percentage of total count
                 A         B        C        D         E       F
            +---------+---------+-------+---------+---------+-------
      Total |      90 |       0 |   0.0 |      36 |       0 |   0.0
            +---------+---------+-------+---------+---------+-------
        D:1 |      49 |       0 |   0.0 |      20 |       0 |   0.0
        D:2 |      29 |       0 |   0.0 |       8 |       0 |   0.0
        D:3 |      12 |       0 |   0.0 |       8 |       0 |   0.0
            +---------+---------+-------+---------+---------+-------
